 Dungeon Crawl Stone Soup version 0.30-a0-52-g86a8295270 (webtiles) character file.

Game seed: 10181767151574068329

357 Newt the Shooter (level 6, -6/48 HPs)
             Began as a Demonspawn Gladiator on Sept 5, 2022.
             Mangled by an ogre
             ... wielding a +0 giant club
              (14 damage)
             ... on level 5 of the Dungeon on Sept 6, 2022.
             The game lasted 00:06:22 (5797 turns).

Newt the Shooter (Demonspawn Gladiator)             Turns: 5797, Time: 00:06:23

Health: -6/48      AC:  8    Str: 15    XL:     6   Next: 37%
Magic:  6/6        EV: 12    Int:  9    God:
Gold:   118        SH:  0    Dex: 16    Spells: 5/5 levels left

rFire   . . .      SeeInvis .    b - +0 sling (freeze)
rCold   . . .      Faith    .    (no shield)
rNeg    . . .      Spirit   .    k - +0 leather armour
rPois   .          Reflect  .    c - +1 helmet
rElec   .          Harm     .    (no cloak)
rCorr   .          Rampage  .    (no gloves)
Will    .....                    s - +0 pair of boots
Stlth   ++........               (no amulet)
HPRegen 0.16/turn                (no ring)
MPRegen 0.10/turn                (no ring)

@: no status effects
A: molten scales 1, weakness stinger 1
a: no special abilities


You were on level 5 of the Dungeon.
You visited 1 branch of the dungeon, and saw 5 of its levels.

You collected 226 gold pieces.
You spent 108 gold pieces at shops.

Inventory:

Hand Weapons
 a - a +0 dagger of venom
 b - a +0 sling of freezing (weapon)
 h - a +0 sling
 n - a +1 rapier
Missiles
 d - 2 throwing nets
 e - a javelin
Armour
 c - a +1 helmet (worn)
 k - a +0 leather armour (worn)
 s - a +0 pair of boots (worn)
Wands
 r - a wand of roots (7)
Scrolls
 g - a scroll of noise
 m - a scroll of enchant weapon
 q - a scroll of identify
Potions
 f - a potion of mutation
 i - a potion of lignification {unknown}
 j - a potion of brilliance {unknown}
 l - 2 potions of curing {unknown}
 o - 2 potions of berserk rage
 p - 2 potions of haste {unknown}
 t - a potion of flight {unknown}
 u - a potion of degeneration {unknown}


   Skills:
 - Level 4.0 Fighting
 - Level 2.6 Short Blades
 + Level 4.4 Ranged Weapons
 - Level 1.7 Throwing
 - Level 2.6 Dodging
 - Level 2.0 Stealth


You had 5 spell levels left.
You didn't know any spells.
Your spell library contained the following spells:

 Spells                   Type           Power      Damage    Failure   Level
 Necrotise                Necr           0%         1d4       45%         1
 Vampiric Draining        Necr           0%         2d6       83%         3
 Agony                    Necr           0%         N/A       100%        5


Dungeon Overview and Level Annotations

Branches:
Dungeon (5/15)
 Temple: D:4-7

Altars:

Shops:
D:2 *


Innate Abilities, Weirdness & Mutations

You are partially covered in molten scales. (AC +2)
You have a small tail.


Message History

The sling bullet freezes the ogre.
The ogre is heavily wounded.
No target in view!
You shoot a sling bullet. The sling bullet hits the ogre.
The sling bullet freezes the ogre.
The ogre is heavily wounded.
You shoot a sling bullet. The sling bullet hits the ogre.
The sling bullet freezes the ogre.
The ogre is severely wounded.
You shoot a sling bullet.
The sling bullet barely misses the ogre.
The ogre barely misses you.
You shoot a sling bullet. The sling bullet hits the ogre.
The sling bullet freezes the ogre.
The ogre is almost dead.
You shoot a sling bullet. The sling bullet hits the ogre.
The sling bullet freezes the ogre.
The ogre is almost dead.
The ogre hits you with a +0 giant club!!
Ouch! That really hurt!
You are too injured to fight recklessly!
Fire: b) +0 sling (freeze)
Press: ? - help, Shift-Dir - straight line, f/p - ogre
Aim: an ogre, wielding a +0 giant club (almost dead, 76% to hit)
You shoot a sling bullet. The sling bullet hits the ogre.
The sling bullet freezes the ogre.
The ogre is almost dead.
The ogre hits you with a +0 giant club!
* * * LOW HITPOINT WARNING * * *
Fire: b) +0 sling (freeze)
Press: ? - help, Q - select action, (/) - cycle Shift-Dir - straight line, f/p - ogre
Aim: an ogre, wielding a +0 giant club (almost dead, 76% to hit)
Okay, then.
Throw: 3 throwing nets
Press: ? - help, Shift-Dir - straight line, f/p - ogre
Aim: an ogre, wielding a +0 giant club (almost dead, 76% to hit)
You throw a throwing net.
The throwing net barely misses the ogre.
The ogre hits you with a +0 giant club!
You die...

# #######
##.#####.....##
..#?.........#
............#
..#.#.##.......#
.(.....O@......#
##.###...[....#
#........#
#.##.##.##
#.##.##.#
#.##.##.#
#.##.##.#
#.......#
####.####


You could see an ogre.

Vanquished Creatures
  A hound (D:4)
  4 orc priests
  Jessica (D:2)
  The ghost of Crabhammer the Grasshopper, a weakling PaWr (D:3)
  8 adders
  3 worms
  2 dart slugs (D:2)
  9 orcs
  6 bats
  8 endoplasms
  5 giant cockroaches
  5 goblins
  7 hobgoblins
  2 jackals (D:3)
  3 quokkas
  5 ball pythons
  2 frilled lizards
  5 kobolds
  2 rats
79 creatures vanquished.

Vanquished Creatures (others)
  A plant (D:2)
1 creature vanquished.

Grand Total: 80 creatures vanquished

Notes
Turn   | Place    | Note
-------+----------+-------------------------------------------
     0 | D:1      | Newt the Demonspawn Gladiator began the quest for the Orb.
     0 | D:1      | Reached XP level 1. HP: 16/16 MP: 1/1
   260 | D:1      | Reached skill level 1 in Stealth
   734 | D:1      | Found a faded altar of an unknown god.
   807 | D:2      | Upgraded the game from 0.30-a0-51-g784eafce7f to
                  | 0.30-a0-52-g86a8295270
   836 | D:2      | Gained mutation: You have a small tail. [demonic ancestry]
   836 | D:2      | Reached XP level 2. HP: 19/22 MP: 2/2
   956 | D:2      | HP: 1/22 [constriction (1)]
  1542 | D:2      | Found Bemairph's Assorted Antiques.
  1585 | D:2      | Reached skill level 1 in Ranged Weapons
  1649 | D:2      | Gained mutation: You are partially covered in molten
                  | scales. (AC +2) [demonic ancestry]
  1649 | D:2      | Reached XP level 3. HP: 26/27 MP: 3/3
  2027 | D:2      | Noticed Jessica
  2045 | D:2      | Killed Jessica
  2046 | D:2      | Reached XP level 4. HP: 11/33 MP: 4/4
  2852 | D:2      | Bought a glowing sling for 108 gold pieces
  3482 | D:3      | Found a runed translucent door.
  3487 | D:3      | Noticed Crabhammer's ghost (weakling PaWr)
  3527 | D:3      | Killed Crabhammer's ghost
  3528 | D:3      | Reached XP level 5. HP: 26/38 MP: 5/5
  4941 | D:4      | Reached XP level 6. HP: 38/48 MP: 6/6
  5748 | D:5      | Entered Level 5 of the Dungeon
  5797 | D:5      | Mangled by an ogre

Illustrated notes

Levels and vault maps discovered:
D:1:      lightli_molten_gateway, layout_basic,
          hellmonk_ecumenical_altar_inner_sanctum, hangedman_glass_teeth,
          roderic_cross_of_infinity
D:2:      layout_loops_ring, serial_shops, nicolae_shop_overgrown_old_shop,
          hangedman_abyss_or_decor_lesser_grid, dk_noncrumbling_2, uniq_jessica
D:3:      layout_basic, ebering_ghost_sewer_d
D:4:      layout_loops_ring, nicolae_figureground_sparkle
D:5:      layout_loops_cross, uniq_menkaure

Skill      XL: |  1  2  3  4  5  6 |
---------------+-------------------+-----
Stealth        | 1 2 |  2.0
Ranged Weapons | 1 2 3 4 |  4.4
Fighting       | 3 4 |  4.0
Short Blades   | |  2.6
Throwing       | |  1.7
Dodging        | |  2.6

Action                   |  1- 3 |  4- 6 || total
-------------------------+-------+-------++-------
Melee: Rapier            |    21 |       ||    21
       Tailslap          |     4 |       ||     4
 Fire: Sling             |   106 |   189 ||   295
Throw: Throwing net      |     4 |     1 ||     5
       Javelin           |     1 |       ||     1
  Use: Scroll            |     3 |     6 ||     9
Armor: Leather armour    |    23 |    62 ||    85
Dodge: Dodged            |    37 |    92 ||   129

Table legend: (Time is in decaauts)
 A = Elapsed time spent in this place.
 B = Non-inter-level travel time spent in this place.
 C = Inter-level travel time spent in this place.
 D = Time resting spent in this place.
 E = Time spent auto-exploring this place.
 F = Levels seen in this place.
 G = Mean time per level.
                   A        B        C        D        E       F      G
               +--------+--------+--------+--------+--------+-----+--------+
         Total |   5889 |   5449 |    440 |   1740 |   3067 |   5 | 1177.8 |
       Dungeon |   5889 |   5449 |    440 |   1740 |   3067 |   5 | 1177.8 |
               +--------+--------+--------+--------+--------+-----+--------+

Top non-repeatable levels by time:
     D:2: 2134 daAuts
     D:3: 1988 daAuts
     D:4: 907 daAuts
     D:1: 808 daAuts
     D:5: 50 daAuts
